 Dungeon Crawl Stone Soup version 0.28-b1-25-g9875b3fc8c (webtiles) character file.

Game seed: 6739368954913074089

663 sanka the Magician (level 7, -12/50 HPs)
             Began as a Djinni Cinder Acolyte on Feb 5, 2022.
             Was an Initiate of Makhleb.
             Killed from afar by a steam dragon (16 damage)
             ... with a ball of steam
             ... on level 5 of the Dungeon.
             The game lasted 00:07:11 (5053 turns).

sanka the Magician (Djinni Cinder Acolyte)          Turns: 5053, Time: 00:07:12

Health: -12/50     AC:  2    Str: 13    XL:     7   Next: 87%
Gold:   245        EV: 11    Int: 17    God:    Makhleb [......] SH:  0 Dex:  9

rFire   . . .      SeeInvis +   d - +0 great sword
rCold   x . .      Faith    +   (shield currently unavailable)
rNeg    . . .      Spirit   .   w - +0 robe of Discretion {Rampage rF- rC+ Regen+ SInv}
rPois   ∞          Reflect  .   (no helmet)
rElec   .          Harm     .   (no cloak)
rCorr   .          Rampage  +   (no gloves)
Will    .....                   (boots unavailable)
Stlth   +.........              y - amulet of faith
HPRegen 0.96/turn               q - ring of fire
MPRegen 0.00/turn               (no ring)

@: flying, fire susceptible
A: sickness immunity, fire resistance 2, cold vulnerability 1, float, innate
caster, HP casting, extra vitality 1
a: Renounce Religion


You were on level 5 of the Dungeon.
You worshipped Makhleb.
Makhleb was noncommittal.
You visited 2 branches of the dungeon, and saw 6 of its levels.

You collected 245 gold pieces.

Inventory:

Hand Weapons
 d - a +0 great sword (weapon)
Missiles
 h - 15 poisoned darts
Armour
 a - a +0 robe
 w - the +0 robe of Discretion (worn) {Rampage rF- rC+ Regen+ SInv}
   (You found it on level 5 of the Dungeon)

   rF:        It makes you vulnerable to fire.
   rC:        It protects you from cold.
   SInv:      It lets you see invisible.
   Regen:     It increases your rate of health regeneration.
   Rampage:   It bestows one free step when moving towards enemies.
Magical Staves
 n - a staff of earth
Jewellery
 q - a ring of fire (left hand)
 u - a ring of protection from fire
 y - an amulet of faith (around neck)
Wands
 t - a wand of paralysis (11)
Scrolls
 b - a scroll of teleportation {unknown}
 c - 4 scrolls of enchant weapon {unknown}
 f - 2 scrolls of vulnerability {unknown}
 g - a scroll of acquirement {unknown}
 k - a scroll of silence {unknown}
 l - 2 scrolls of enchant armour {unknown}
 p - a scroll of summoning {unknown}
 r - a scroll of blinking {unknown}
 s - a scroll of identify {unknown}
 A - a scroll of torment {unknown}
Potions
 e - 3 potions of curing {unknown}
 i - 2 potions of resistance {unknown}
 j - a potion of haste {unknown}
 m - a potion of heal wounds {unknown}
 o - a potion of lignification {unknown}
 v - a potion of degeneration {unknown}
 x - a potion of might {unknown}
 z - a potion of berserk rage {unknown}


   Skills:
 - Level 3.0 Fighting
 - Level 3.0 Unarmed Combat
 + Level 6.6 Spellcasting


You had 12 spell levels left.
You knew the following spells:

 Your Spells              Type           Power      Damage    Failure   Level
a - Scorch                Fire           84%        2d9       1%          2
b - Summon Small Mammal   Summ           100%       N/A       1%          1
c - Searing Ray           Conj           56%        2d6       1%          2
d - Wereblood             Tmut           28%        N/A       1%          2
Your spell library was empty.

Dungeon Overview and Level Annotations

Branches:
Dungeon (5/15)             Temple (1/1) D:4

Altars:
Ashenzari
Dithmenos
Elyvilon
Fedhas
Gozag
Hepliaklqana
Kikubaaqudgha
Makhleb
Nemelex Xobeh
Okawaru
Qazlal
Ru
Sif Muna
Trog
Uskayaw
Vehumet
Wu Jian
Xom
Yredelemnul
Zin
The Shining One


Innate Abilities, Weirdness & Mutations

You are immune to sickness and miasma.
You are immune to poison.
Your flesh is very heat resistant. (rF++)
You are vulnerable to cold. (rC-)
You float through the air rather than walking.
You learn spells naturally, not from books.
Your magical power is your life essence.
You have superior vitality. (+4 MHP)


Message History

You feel a surge of power!
Flames lash the white imp.
The white imp is burned terribly!
You kill the white imp!
Makhleb accepts your kill.
You start resting.
HP restored.
The steam dragon hisses angrily.
The steam dragon breathes steam at you. The ball of steam hits you!
Casting: Scorch (safe; 1% risk of failure)
Confirm with . or Enter, or press ? or * to list all spells.
You don't know that spell.
Casting: Scorch (safe; 1% risk of failure)
Confirm with . or Enter, or press ? or * to list all spells.
You don't know that spell.
Casting: Scorch (safe; 1% risk of failure)
Confirm with . or Enter, or press ? or * to list all spells.
Aiming: Searing Ray (safe; 1% risk of failure)
Press: ? - help, Shift-Dir - straight line, f - steam dragon
Aim: a steam dragon (79% to hit)
The searing ray hits the steam dragon but does no damage. (Press . to maintain the ray.)
The searing ray hits the steam dragon!
The steam dragon is moderately wounded.
The steam dragon breathes steam at you. The ball of steam hits you!
The searing ray hits the steam dragon!
The steam dragon is heavily wounded.
You are engulfed in a cloud of scalding steam.
The steam dragon bites you!
* * * LOW HITPOINT WARNING * * *
The steam dragon claws you.
* * * LOW HITPOINT WARNING * * *
The steam dragon bites you!
* * * LOW HITPOINT WARNING * * *
The steam dragon claws you.
* * * LOW HITPOINT WARNING * * *
Unknown command.
The steam dragon breathes steam at you. The ball of steam hits you!
You die...

#..........#.####..).)......
##.#.##...........#.##....÷.
#..#...(............########
###.##................# #
#...##................# #
#...##................# ###
#...##................# ##..
######......§.........#####..#
#.......@........##<...##
#.....§§§......#..).####
#.......#D.......)###
#.#.###...#.#....[### #.#.#
#.###.##.^....# #.#.###.#
#.........# #.#.##..#
#######...#### #.#....##
#......## ##.#..### #....#.g.


You could see a steam dragon (catching breath).

Vanquished Creatures
  Menkaure (D:3)
  A necrophage (D:5)
  A phantom (D:3)
  A gnoll sergeant (D:5)
  A howler monkey (D:5)
  A jelly (D:5)
  The ghost of Zgarb the Sneak, a weakling FeSu (D:3)
  A bullfrog skeleton (D:5)
  2 iguanas
  4 adders
  3 gnolls (D:5)
  A hound simulacrum (D:3)
  A white imp (D:5)
  A dart slug (D:2)
  2 adder simulacra (D:3)
  5 orcs
  5 bats
  4 endoplasms
  2 giant cockroaches
  3 goblins (D:3)
  4 hobgoblins
  6 jackals
  2 quokkas (D:1)
  7 ball pythons
  2 frilled lizards
  6 kobolds
  A quokka simulacrum (D:3)
  6 rats
75 creatures vanquished.

Notes
Turn   | Place    | Note
-------+----------+-------------------------------------------
     0 | D:1      | sanka the Djinni Cinder Acolyte began the quest for the
                  | Orb.
     0 | D:1      | Reached XP level 1. HP: 20/20 MP: 0/0
   455 | D:1      | Reached XP level 2. HP: 6/25 MP: 0/0
   908 | D:1      | Found a faded altar of an unknown god.
  1024 | D:1      | Reached skill level 3 in Spellcasting
  1380 | D:2      | Identified the +0 robe "Ydghaor" {*Slow rF++}
  1405 | D:2      | Reached XP level 3. HP: 27/30 MP: 0/0
  1405 | D:2      | Learned a level 1 spell: Summon Small Mammal
  2132 | D:3      | Found a runed translucent gate.
  2134 | D:3      | Found a runed translucent gate.
  2134 | D:3      | Found a runed translucent gate.
  2374 | D:3      | Reached XP level 4. HP: 31/35 MP: 0/0
  2692 | D:3      | Noticed a phantom
  2712 | D:3      | Killed a phantom
  2713 | D:3      | Reached skill level 4 in Spellcasting
  2713 | D:3      | Reached XP level 5. HP: 34/40 MP: 0/0
  2713 | D:3      | Learned a level 2 spell: Searing Ray
  2870 | D:3      | Identified the +0 leather armour of Nuutuppo {Drain rElec
                  | rF+ rN+}
  3403 | D:3      | Noticed Zgarb's ghost (weakling FeSu)
  3608 | D:3      | Killed Zgarb's ghost
  3609 | D:3      | Reached XP level 6. HP: 42/46 MP: 0/0
  3703 | D:4      | Noticed Menkaure
  3707 | D:3      | Killed Menkaure
  3708 | D:3      | Reached skill level 5 in Spellcasting
  4038 | D:4      | Found a staircase to the Ecumenical Temple.
  4203 | Temple   | Entered the Ecumenical Temple
  4464 | Temple   | Fell from the grace of Ignis
  4464 | Temple   | Became a worshipper of Makhleb the Destroyer
  4524 | D:5      | Entered Level 5 of the Dungeon
  4531 | D:5      | Reached XP level 7. HP: 46/50 MP: 0/0
  4531 | D:5      | Learned a level 2 spell: Wereblood
  4698 | D:5      | Reached skill level 6 in Spellcasting
  4748 | D:5      | Identified the +0 robe of Discretion {Rampage rF- rC+
                  | Regen+ SInv}
  5009 | D:5      | Noticed a steam dragon
  5050 | D:5      | HP: 2/50 [steam dragon (11)]
  5053 | D:5      | Killed from afar by a steam dragon

Illustrated notes

Levels and vault maps discovered:
D:1:      dpeg_arrival_rhombus, layout_rooms, basic_ecumenical_altar,
          chequers_avenue
D:2:      layout_loops_cross, corexii_item_surrounded_by_moat
D:3:      layout_loops_corners, gammafunk_ghost_icy
D:4:      layout_rooms, minmay_temple_entry_poolview, uniq_menkaure
D:5:      layout_rooms, serial_shops, kennysheep_little_box
Temple:   regret_index_temple_sigil_plot

Skill      XL: |  1  2  3  4  5  6  7 |
---------------+----------------------+-----
Spellcasting   | 3 4 5 6 |  6.6
Fighting       | |  3.0
Unarmed Combat | |  3.0

Action                   |  1- 3 |  4- 6 |  7- 9 || total
-------------------------+-------+-------+-------++-------
Melee: Unarmed           |    26 |       |       ||    26
       Great sword       |    22 |     1 |       ||    23
       Punch             |     1 |       |       ||     1
 Cast: Scorch            |    27 |    35 |    25 ||    87
       Searing Ray       |       |     1 |     1 ||     2
Armor: Robe              |    15 |     4 |       ||    19
Dodge: Dodged            |    51 |    20 |     1 ||    72
